 Dungeon Crawl Stone Soup version 0.21.1-1-g345015f (webtiles) character file.

11 Monsterracer the Insei (level 2, 0/21 HPs)
             Began as an Octopode Monk on Feb 13, 2018.
             Slain by a goblin (2 damage)
             ... on level 1 of the Dungeon.
             The game lasted 00:00:44 (474 turns).

Monsterracer the Insei (Octopode Monk)               Turns: 474, Time: 00:00:44

Health: 0/21       AC:  1    Str: 10    XL:     2   Next: 25%
Magic:  2/2        EV: 13    Int: 12    God:
Gold:   22         SH:  0    Dex: 14    Spells: 1/1 levels left

rFire    . . .     SeeInvis .     - Unarmed
rCold    . . .     Gourm    .   (no shield)
rNeg     . . .     Faith    .   (helmet restricted)
rPois    .         Spirit   .   (no amulet)
rElec    .         Reflect  .   (no ring)
rCorr    .         Harm     .   (no ring)
MR       .....                  (no ring)
Stlth    +++.......             (no ring)
HPRegen  0.07/turn              (no ring)
MPRegen  0.08/turn              (no ring)
                                (no ring)
                                (no ring)

@: very slightly contaminated, drained
A: almost no armour, stealthy swim, amphibious, 8 rings, constrict 8, camouflage
1, gelatinous body 1
a: no special abilities


You were on level 1 of the Dungeon.
You were not hungry.

You visited 1 branch of the dungeon, and saw 1 of its levels.

You collected 22 gold pieces.

Inventory:

Potions
 f - 2 potions of degeneration {unknown}
Comestibles
 c - a ration


   Skills:
 + Level 3.1(2.1) Fighting
 + Level 3.1(2.1) Dodging
 + Level 3.0(2.0) Stealth
 * Level 3.2(2.2) Unarmed Combat


You had one spell level left.
You didn't know any spells.

Dungeon Overview and Level Annotations

Branches:
Dungeon (1/15)

Altars:


Innate Abilities, Weirdness & Mutations

You cannot wear most types of armour.
You are very stealthy in the water. (Stealth+)
You are amphibious.
You can wear up to eight rings at the same time.
You can use your tentacles to constrict eight enemies at once.
Your skin changes colour to match your surroundings (Stealth+).
Your rubbery body absorbs attacks. (AC +1, EV +1)


Message History

No target in view!
Things that are here:
a club; a stone; a kobold corpse; Health restored: 21 You see here a rat corpse.
e - a scroll labeled RUOSTE WIMIS No target in view!
Key pressed, stopping explore.
No target in view!
There is a stone staircase leading down here.
You open the door.
There is an open door here.
Key pressed, stopping explore.
No target in view!
As you open the door, it creaks loudly!
A giant cockroach comes into view.
A giant cockroach is nearby!
A giant cockroach is nearby!
Found a stone staircase leading down.
The helpless giant cockroach fails to defend itself.
You tentacle-slap the giant cockroach.
You kill the giant cockroach!
Your Stealth skill increases to level 3!
Unknown command.
f - 2 golden potions A leopard gecko comes into view.
Found a spear.
A leopard gecko is nearby!
No target in view!
No target in view!
A kobold comes into view.
A hobgoblin comes into view. It is wielding a club.
The helpless leopard gecko fails to defend itself.
You tentacle-slap the leopard gecko. Your grab misses the leopard gecko.
The leopard gecko is almost dead.
The leopard gecko bites you.
You take 2 damage, and have 19/21 hp.
You tentacle-slap the leopard gecko but do no damage.
Your grab misses the leopard gecko. Your squeeze misses the leopard gecko.
The leopard gecko is almost dead.
The leopard gecko barely misses you.
You tentacle-slap the leopard gecko.
You kill the leopard gecko!
A kobold comes into view. It is wielding a dagger of draining.
The kobold shouts!
The kobold throws a stone.
The stone misses you.
A hobgoblin comes into view. It is wielding a club.
You miss the kobold.
The hobgoblin shouts! x2
Your grab misses the kobold.
Your tentacle-slap misses the kobold.
The kobold hits you with a dagger of draining.
You feel drained.
You take 5 damage, and have 15/21 hp.
MASSIVE DAMAGE!!
You are too injured to fight recklessly!
You are too injured to fight recklessly!
The kobold misses you.
A goblin comes into view.
The kobold barely misses you.
A frilled lizard and a rat come into view.
The goblin shouts!
The rat moves out of view.
A hobgoblin comes into view. It is wielding a club.
The hobgoblin throws a stone.
The stone completely misses you.
You see here a stone.
The hobgoblin throws a stone.
The stone hits you.
You see here a stone.
You take 3 damage, and have 12/21 hp.
The hobgoblin throws a stone.
The stone barely misses you.
You see here a stone.
As you read the scroll labeled KURPHO PUWK, it crumbles to dust.
The scroll dissolves into smoke.
It was a scroll of fog.
The kobold hits you with a dagger of draining.
* * * LOW HITPOINT WARNING * * *
You feel drained.
* * * LOW HITPOINT WARNING * * *
You take 5 damage, and have 8/21 hp.
MASSIVE DAMAGE!!
As you read the scroll labeled MYUL MIJOYKLIJ, it crumbles to dust.
You feel blessed for a moment.
It was a scroll of remove curse.
The kobold hits you with a dagger of draining.
* * * LOW HITPOINT WARNING * * *
You feel drained.
* * * LOW HITPOINT WARNING * * *
You take 3 damage, and have 5/21 hp.
As you read the scroll labeled ESUSIGROTU, it crumbles to dust.
You hear a loud clanging noise!
It was a scroll of noise.
You hear an angry hiss.
You hear a shout!
The kobold hits you.
* * * LOW HITPOINT WARNING * * *
The hobgoblin closely misses you.
The kobold hits you with a dagger of draining.
* * * LOW HITPOINT WARNING * * *
You feel drained. The goblin closely misses you.
You take 3 damage, and have 2/21 hp.
Blink to where?
Press: ? - help, Dir - move target cursor You are very lightly contaminated with residual magic.
As you read the scroll labeled RUOSTE WIMIS, it crumbles to dust.
It was a scroll of blinking.
The kobold closely misses you. The hobgoblin completely misses you.
The goblin hits you.
You die...

..........#...........
.........#...........
........#....#.....#
#..........#######
####................#
#....(((..g(.........
#.§§g##...#..........
#§§§g##...#..........
#§§K@##...#..........
#§§Kg##...#.........#
#§§§g##...#.........#
#§§§§##...###########
#.§§.##...# ######


You could see 3 hobgoblins, a goblin and 2 kobolds.

Vanquished Creatures
  A dart slug (D:1)
  A leopard gecko (D:1)
  A giant cockroach (D:1)
  A goblin (D:1)
  A hobgoblin (D:1)
  A kobold (D:1)
  A rat (D:1)
7 creatures vanquished.

Notes
Turn   | Place    | Note
-------+----------+-------------------------------------------
     0 | D:1      | Monsterracer the Octopode Monk began the quest for the Orb.
     0 | D:1      | Reached XP level 1. HP: 16/16 MP: 1/1
   160 | D:1      | HP: 8/16 [dart slug/slug dart (4)]
   163 | D:1      | Reached XP level 2. HP: 10/21 MP: 2/2
   470 | D:1      | HP: 9/21 [kobold/dagger of draining (4)]
   473 | D:1      | HP: 4/21 [kobold (1)]
   474 | D:1      | Slain by a goblin

Skill      XL: |  1  2 |
---------------+-------+-----
Stealth        | 3 |  3.0
Fighting       | |  3.1
Dodging        | |  3.1
Unarmed Combat | |  3.2

Action                   || total
-------------------------++-------
Melee: Unarmed           ||    17
       Constrict         ||     3
       Tentacles         ||     3
  Use: Scroll            ||     4
 Stab: Sleeping          ||     3
Dodge: Dodged            ||    20

Vault maps used:
D:1:      dpeg_arrival_pits, serial_bayou_lagoon_a
